 Dungeon Crawl Stone Soup version 0.30-a0-883-g5ad918d77d (webtiles) character file.

Game seed: 4447595753690464229

105 FexLirch the Sneak (level 5, -18/28 HPs)
             Began as a Kobold Enchanter on Mar 17, 2023.
             Demolished by an ogre
             ... wielding a +0 giant club
              (30 damage)
             ... on level 4 of the Dungeon.
             The game lasted 00:03:39 (2977 turns).

FexLirch the Sneak (Kobold Enchanter)               Turns: 2977, Time: 00:03:39

Health: -18/28     AC:  2    Str:  5    XL:     5   Next: 8%
Magic:  4/8        EV: 15    Int: 17    God:
Gold:   159        SH:  0    Dex: 17    Spells: 0/8 levels left

rFire   + . .      SeeInvis .    n - +2 short sword (speed)
rCold   x . .      Faith    .    (no shield)
rNeg    . . .      Spirit   .    b - +0 robe
rPois   .          Reflect  .    (no helmet)
rElec   .          Rampage  .    (no cloak)
rCorr   .                        (no gloves)
Will    .....                    (no boots)
Stlth   ++++                     (no amulet)
HPRegen 0.24/turn                f - ring of fire
MPRegen 0.11/turn                (no ring)

@: no status effects
A: small, no large weapons, nightstalker 3
a: no special abilities


You were on level 4 of the Dungeon.
You visited 1 branch of the dungeon, and saw 4 of its levels.

You collected 159 gold pieces.

Inventory:

Hand Weapons
 a - a +1 dagger
 n - a +2 short sword of speed (weapon)
 r - the +3 whip "Jickiz" {protect, Will++ Int+3}
   (You found it on level 3 of the Dungeon)

   Int:       It affects your intelligence (+3).
   Will:      It greatly increases your willpower.
Missiles
 h - 40 stones
Armour
 b - a +0 robe (worn)
Jewellery
 f - a ring of fire (left hand)
 g - a ring of wizardry
Scrolls
 d - a scroll of noise {unknown}
 e - 5 scrolls of identify {unknown}
 k - a scroll of immolation {unknown}
 l - 2 scrolls of poison {unknown}
 m - a scroll of blinking {unknown}
 o - a scroll of enchant weapon {unknown}
 q - a scroll of magic mapping {unknown}
 s - a scroll of acquirement {unknown}
 t - a scroll of enchant armour {unknown}
Potions
 c - 3 potions of invisibility
 i - a potion of berserk rage {unknown}
 j - a potion of attraction {unknown}
 p - a potion of flight {unknown}


   Skills:
 + Level 3.5 Short Blades
 - Level 2.4 Dodging
 + Level 5.4 Stealth
 - Level 2.1 Spellcasting
 + Level 3.9 Hexes


You couldn't memorise any spells.
You knew the following spells:

 Your Spells              Type           Power      Damage    Failure   Level
a - Ensorcelled Hibernat  Hex/Ice        16%        N/A       13%         2
b - Confusing Touch       Hex            15%        N/A       12%         3
c - Tukima's Dance        Hex            15%        N/A       12%         3

Your spell library contained the following spells:

 Spells                   Type           Power      Damage    Failure   Level
 Sandblast                Erth           2%         2d4       19%         1
 Shock                    Conj/Air       4%         1d3       19%         1
 Dazzling Flash           Conj/Hex       16%        N/A       26%         3
 Passwall                 Tmut/Erth      0%         N/A       28%         2
 Stone Arrow              Conj/Erth      2%         3d7       50%         3
 Swiftness                Air            1%         N/A       50%         3
 Airstrike                Air            0%         2d(1-17)  88%         4


Dungeon Overview and Level Annotations

Branches:
Dungeon (4/15)
 Temple: D:4-7

Altars:

Annotations:
D:3 2 transporters, Zeldest's ghost, weakling MeRe


Innate Abilities, Weirdness & Mutations

You are small and have problems with some larger weapons.
You are completely attuned to the shadows.


Message History

The ogre hits you with a +0 giant club!!
Ouch! That really hurt!
* * * LOW HITPOINT WARNING * * *
A kobold comes into view.
It is wielding a +0 dagger and quivering poisoned darts.
There is an open door here.
Things that are here:
a +0 hand axe; a +0 leather armour As you open the door, it creaks loudly!
There is an open door here.
The ogre attacks as you move away! The ogre completely misses you.
The ogre attacks as you move away! The ogre closely misses you.
Things that are here:
a +0 hand axe; a +0 leather armour You see here a +0 short sword.
A jelly comes into view.
Casting: Ensorcelled Hibernation (safe; 13% risk of failure)
Confirm with . or Enter, or press ? or * to list all spells.
Aiming: Ensorcelled Hibernation (safe; 13% risk of failure)
Press: ? - help, Shift-Dir - straight line, f/p - ogre
Aim: an ogre, wielding a +0 giant club (chance to affect: 41%)
The ogre looks drowsy...
The jelly quivers.
The jelly attacks as you move away! The jelly hits you.
You are splashed with acid!
The helpless ogre fails to defend itself.
You impale the ogre!!
The ogre is severely wounded.
The ogre misses you.
Casting: Ensorcelled Hibernation (safe; 13% risk of failure)
Confirm with . or Enter, or press ? or * to list all spells.
Aiming: Ensorcelled Hibernation (safe; 13% risk of failure)
Press: ? - help, Shift-Dir - straight line, f - jelly, p - ogre
Aim: a jelly (chance to affect: 50%)
The jelly looks drowsy...
The helpless jelly fails to defend itself.
You impale the jelly!!
You kill the jelly!
The ogre hits you with a +0 giant club!!
Ouch! That really hurt!
You die...

#.## # ###..#.#
#....K.#
#.#.#.. #.#.#
#.#.# #.#.#
#.#.# #.#@#
##'#O# #...K#
#....######
#.......K.#
#####....####.#
#...'....# #.#
#.###....# #.#
#.# ####)# #K#


You could see an ogre and a kobold.

Vanquished Creatures
  A jelly (D:4)
  An iguana (D:2)
  3 adders
  2 worms
  2 orcs
  4 ball pythons
  4 bats
  An endoplasm (D:2)
  3 giant cockroaches
  7 hobgoblins
  A quokka (D:1)
  2 frilled lizards
  3 goblins
  5 kobolds
  6 rats
45 creatures vanquished.

Notes
Turn   | Place    | Note
-------+----------+-------------------------------------------
     0 | D:1      | FexLirch the Kobold Enchanter began the quest for the Orb.
     0 | D:1      | Reached XP level 1. HP: 10/10 MP: 3/3
   177 | D:1      | Reached XP level 2. HP: 15/15 MP: 5/5
   771 | D:2      | Reached XP level 3. HP: 19/19 MP: 6/6
   816 | D:2      | Learned a level 2 spell: Ensorcelled Hibernation
  1011 | D:2      | Reached skill level 5 in Stealth
  1011 | D:2      | Reached XP level 4. HP: 24/24 MP: 7/7
  1885 | D:3      | Found a transporter.
  1888 | D:3      | Noticed Zeldest's ghost (weakling MeRe)
  1890 | D:3      | Found a transporter.
  1906 | D:3      | Identified the +3 whip "Jickiz" {protect, Will++ Int+3}
  2485 | D:3      | Reached XP level 5. HP: 28/28 MP: 5/8
  2489 | D:3      | Learned a level 3 spell: Confusing Touch
  2493 | D:3      | Learned a level 3 spell: Tukima's Dance
  2916 | D:4      | Noticed an ogre
  2977 | D:4      | Demolished by an ogre

Illustrated notes

Levels and vault maps discovered:
D:1:      dpeg_arrival_concentric_ovals, layout_basic,
          hangedman_decor_diamond_cutter
D:2:      layout_loops_corners, chequers_jeans
D:3:      layout_loops_corners, gammafunk_ghost_mausoleum
D:4:      layout_basic, mainiacjoe_overflow_surrounded_room,
          mainiacjoe_overflow_divided_tiny, serial_shops, kennysheep_mini_moat,
          nicolae_stop_n_shop_2, kennysheep_generic_room_13, uniq_blork_the_orc

Skill      XL: |  1  2  3  4 |
---------------+-------------+-----
Short Blades   | 2 3 |  3.5
Stealth        | 5 |  5.4
Dodging        | |  2.4
Spellcasting   | |  2.1
Hexes          | |  3.9

Action                     |  1- 3 |  4- 6 || total
---------------------------+-------+-------++-------
  Melee: Dagger            |    41 |     8 ||    49
         Punch             |     1 |       ||     1
         Short sword       |       |    48 ||    48
  Throw: Stone             |       |     2 ||     2
   Cast: Ensorcelled Hiber |       |     7 ||     7
   Stab: Sleeping          |    13 |    17 ||    30
 Armour: Robe              |     2 |     2 ||     4
  Dodge: Dodged            |    22 |    33 ||    55

Table legend: (Time is in decaauts)
 A = Elapsed time spent in this place.
 B = Non-inter-level travel time spent in this place.
 C = Inter-level travel time spent in this place.
 D = Time resting spent in this place.
 E = Time spent auto-exploring this place.
 F = Levels seen in this place.
 G = Mean time per level.
                   A        B        C        D        E       F      G
               +--------+--------+--------+--------+--------+-----+--------+
         Total |   2948 |   2687 |    261 |      0 |   2299 |   4 |  737.0 |
       Dungeon |   2948 |   2687 |    261 |      0 |   2299 |   4 |  737.0 |
               +--------+--------+--------+--------+--------+-----+--------+

Top non-repeatable levels by time:
     D:2: 1038 daAuts
     D:3: 1014 daAuts
     D:1: 763 daAuts
     D:4: 132 daAuts
